 Dungeon Crawl Stone Soup version 0.26.0-10-g1f06aea511 (webtiles) character file.

Game seed: 9804845177938793108

424 Amaterasu the Slasher (level 6, 56/56 HPs)
             Began as a Minotaur Fighter on Jan 25, 2021.
             Quit the game on level 4 of the Dungeon.
             The game lasted 00:04:11 (3488 turns).

Amaterasu the Slasher (Minotaur Fighter)            Turns: 3488, Time: 00:04:11

Health: 56/56      AC: 10    Str: 23    XL:     6   Next: 64%
Magic:  5/5        EV:  7    Int:  5    God:
Gold:   175        SH:  9    Dex:  9    Spells: 5/5 levels left

rFire    . . .     SeeInvis .   a - +1 long sword
rCold    . . .     Faith    .   c - +0 kite shield
rNeg     . . .     Spirit   .   k - +1 chain mail
rPois    .         Reflect  .   (helmet restricted)
rElec    .         Harm     .   (no cloak)
rCorr    .         Rampage  .   (no gloves)
Will     .....                  (no boots)
Stlth    ..........             (no amulet)
HPRegen  0.18/turn              (no ring)
MPRegen  0.09/turn              (no ring)

@: no status effects
A: retaliatory headbutt, horns 2
a: no special abilities


You were on level 4 of the Dungeon.
You visited 2 branches of the dungeon, and saw 5 of its levels.

You collected 175 gold pieces.

Inventory:

Hand Weapons
 a - a +1 long sword (weapon)
Armour
 c - a +0 kite shield (worn)
 k - a +1 chain mail (worn)
Scrolls
 e - 3 scrolls of identify
 f - 4 scrolls of immolation
 g - 3 scrolls of magic mapping
 l - 2 scrolls of fear {unknown}
Potions
 b - a potion of flight {unknown}
 d - 5 potions of might
 h - a potion of curing {unknown}
 i - a potion of mutation {unknown}
 j - a potion of invisibility {unknown}
 m - a potion of heal wounds {unknown}


   Skills:
 - Level 5.0 Fighting
 * Level 5.4 Long Blades
 - Level 5.0 Armour
 - Level 4.0 Dodging
 - Level 3.6 Shields


You had 5 spell levels left.
You didn't know any spells.
Your spell library was empty.

Dungeon Overview and Level Annotations

Branches:
Dungeon (4/15)             Temple (1/1) D:4

Altars:
Ashenzari
Fedhas
Gozag
Hepliaklqana
Kikubaaqudgha
Makhleb
Nemelex Xobeh
Okawaru
Ru
Trog
Uskayaw
Vehumet
Yredelemnul
Zin
The Shining One
Jiyva

Annotations:
D:2 2 transporters


Innate Abilities, Weirdness & Mutations

You reflexively headbutt those who attack you in melee.
You have a pair of horns on your head.


Message History

You hit the orc. You headbutt the orc.
You kill the orc!
No target in view!
No target in view!
No target in view!
HP restored.
Things that are here:
a +0 giant club; an ogre corpse
Things that are here:
a cursed -2 mace; an orc corpse
Found a radiant altar of Vehumet.
There is an open door here.
e - 3 scrolls of identify (gained 1)
Found a mace.
Found a stone staircase leading down.
Done exploring.
Done exploring.
Done exploring.
Search for what [Enter for "armor", or ? for help]? oka Are you sure you want to abandon this character and quit the game? (Confirm with "yes".)

######## #######
#......# #.>...#
##.###.. #.....# #<#
###
#....@##########.#####
#.....................
#.......<.....###...##
#.....#######.# ######
#.....# ##.# #_# #
#.....# #..##8... .
####### #..##.... .
###..#8....
#....##.... .


There were no monsters in sight!

Vanquished Creatures
  An ogre (D:4)
  A scorpion (D:4)
  A howler monkey (D:4)
  An orc wizard (D:3)
  Jessica (D:3)
  2 worker ants (D:4)
  8 adders
  An ooze (D:1)
  3 worms
  2 dart slugs (D:1)
  3 leopard geckos (D:3)
  9 orcs
  2 ball pythons
  2 giant cockroaches
  3 goblins
  4 hobgoblins
  2 quokkas (D:3)
  6 bats
  3 frilled lizards
  8 kobolds
  4 rats
67 creatures vanquished.

Notes
Turn   | Place    | Note
-------+----------+-------------------------------------------
     0 | D:1      | Amaterasu the Minotaur Fighter began the quest for the Orb.
     0 | D:1      | Reached XP level 1. HP: 19/19 MP: 0/0
   222 | D:1      | Reached XP level 2. HP: 26/26 MP: 1/1
   779 | D:2      | Reached XP level 3. HP: 31/31 MP: 2/2
   885 | D:2      | Noticed a troll
   886 | D:2      | Found an iron altar of Okawaru.
   890 | D:2      | Found a transporter.
   941 | D:2      | Found a hide-covered altar of Uskayaw.
  1188 | D:2      | Reached skill level 5 in Long Blades
  1350 | D:2      | Found a transporter.
  1810 | D:3      | Noticed Jessica
  1817 | D:3      | Killed Jessica
  1818 | D:3      | Reached XP level 4. HP: 39/40 MP: 3/3
  2167 | D:3      | Reached skill level 1 in Dodging
  2287 | D:3      | Reached XP level 5. HP: 23/47 MP: 4/4
  2549 | D:3      | Found a sparkling altar of Nemelex Xobeh.
  2550 | D:3      | Found an opulent altar of Gozag.
  2704 | D:4      | Reached skill level 5 in Armour
  3015 | D:4      | Found a basalt altar of Yredelemnul.
  3018 | D:4      | Found a bloodstained altar of Trog.
  3035 | D:4      | Reached skill level 5 in Fighting
  3035 | D:4      | Reached XP level 6. HP: 56/56 MP: 5/5
  3134 | D:4      | Found a staircase to the Ecumenical Temple.
  3145 | Temple   | Entered the Ecumenical Temple
  3317 | D:4      | Found a blossoming altar of Fedhas.
  3389 | D:4      | Found a radiant altar of Vehumet.
  3488 | D:4      | Quit the game

Illustrated notes

Levels and vault maps discovered:
D:1:      co_arrival_random_square_maze, layout_basic, kennysheep_another_room,
          minivault_26
D:2:      layout_basic, gammafunk_temple_overflow_arena, general_overflow_altar,
          minmay_misc_feat_chi, lemuel_another_geyser
D:3:      layout_rooms, grunt_temple_overflow_opulence, uniq_jessica
D:4:      layout_rooms, old_standard_altar, lemuel_coloured_pillars_altar,
          nicolae_overflow_hidden_temple, minmay_temple_entry_large_hall,
          kennysheep_generic_room_13
Temple:   pf_slime_end_temple

Skill      XL: |  1  2  3  4  5  6 |
---------------+-------------------+-----
Long Blades    | 3 4 5 |  5.4
Armour         | 4 5 |  5.0
Fighting       | 4 5 |  5.0
Dodging        | 1 2 4 |  4.0
Shields        | |  3.6

Action                   |  1- 3 |  4- 6 || total
-------------------------+-------+-------++-------
Melee: Long sword        |    52 |   131 ||   183
       Headbutt          |     6 |    34 ||    40
  Use: Scroll            |     1 |     5 ||     6
Armor: Scale mail        |    18 |       ||    18
       Chain mail        |     5 |    75 ||    80
Dodge: Dodged            |    15 |    37 ||    52
Block: Kite shield       |    22 |    83 ||   105
       Rpst.: Long sword |     7 |    11 ||    18
